 Dungeon Crawl Stone Soup version 0.31.0-12-g77e489cdc1 (webtiles) character file.

Game seed: 5484659143666698782

42 lordive the Changeling (level 3, -6/23 HPs)
             Began as an Octopode Shapeshifter on Feb 29, 2024.
             Mangled by Natasha (8 damage)
             ... on level 2 of the Dungeon.
             The game lasted 00:00:49 (436 turns).

lordive the Changeling (Octopode Shapeshifter)       Turns: 436, Time: 00:00:49

Health: -6/23      AC:  1    Str: 13    XL:     3   Next: 56%
Magic:  3/3        EV: 13    Int: 14    God:
Gold:   56         SH:  0    Dex: 11    Spells: 2/2 levels left

rFire   . .          .
                       - Unarmed
rCold   . . .        (no shield)
rNeg    . . .        (helmet currently unavailable)
rPois   .            (no amulet)
rElec   .            (no ring)
rCorr   .            (no ring)
SInv    .            (no ring)
Will    .....        (no ring)
Stlth   ++           (no ring)
HPRegen 0.23/turn    (no ring)
MPRegen 0.08/turn    (no ring)
                     (no ring)

%: no passive effects
@: beast-form
A: beast (slay +2), almost no armour, amphibious, 8 rings, camouflage 1,
gelatinous body 1, (nimble swimmer 1), tentacles
a: Begin Untransformation


You were on level 2 of the Dungeon.
You were a hulking beast.
You visited 1 branch of the dungeon, and saw 2 of its levels.

You collected 56 gold pieces.

Inventory:

Talismans
 b - a beast talisman
 c - a flux talisman
Scrolls
 d - a scroll of enchant armour {unknown}
 e - a scroll of noise {unknown}
 f - a scroll of revelation {unknown}
 h - a scroll of summoning {unknown}
Potions
 a - a potion of lignification
 g - a potion of curing {unknown}


   Skills:
 + Level 1.0 Fighting
 + Level 2.4 Dodging
 + Level 3.4 Unarmed Combat
 * Level 3.7 Shapeshifting


You had 2 spell levels left.
You didn't know any spells.
Your spell library was empty.

Dungeon Overview and Level Annotations

Branches:
Dungeon (2/15)

Altars:

Annotations:
D:2 Natasha


Innate Abilities, Weirdness & Mutations

You are a hulking beast.
Your limbs bulge with bestial killing power. (Slay +2)
You cannot wear most types of armour.
You are amphibious.
You can wear up to eight rings at the same time.
Your skin changes colour to match your surroundings (Stealth+).
Your rubbery body absorbs attacks. (AC +1, EV +1)
((You are camouflaged when in or above water. (Stealth+)))
You have tentacles for arms and can constrict up to eight enemies at once.


Message History

Done exploring.
Done exploring.
Done exploring.
No target in view!
What level of the Dungeon? (default 1, ? - help)
You see here a hobgoblin skeleton.
You see here a +0 robe.
There is a stone staircase leading down, spattered with blood here.
You climb downwards.
Found 8 gold pieces.
There is a stone staircase leading up here.
There are monsters nearby!
There are monsters nearby!
There are monsters nearby!
There are monsters nearby!
The helpless endoplasm fails to defend itself.
You tentacle-slap the endoplasm.
You squeeze the endoplasm, but do no damage.
The endoplasm is severely wounded.
Natasha hisses angrily.
The endoplasm freezes you.
You are frozen.
You tentacle-slap the endoplasm.
You kill the endoplasm!
Natasha stares at you and mumbles some strange words.
The magic dart hits you!
Natasha stares at you and mumbles some strange words.
The magic dart hits you!
You are too injured to fight recklessly!
You are too injured to fight recklessly!
You are too injured to fight recklessly!
You are too injured to fight recklessly!
Unknown command.
Natasha claws you.
* * * LOW HITPOINT WARNING * * *
You miss Natasha. You grab Natasha.
You constrict Natasha, but do no damage.
Natasha claws you!
You die...
Natasha begins licking her fur clean.

####
..#
#.#
#<#
#.#
#.#
#h#
#h#
#$#
..#
#..
.##
. #


You could see Natasha.

Vanquished Creatures
  2 dart slugs (D:1)
  2 bats (D:1)
  2 endoplasms
  A giant cockroach (D:1)
  4 goblins (D:1)
  4 hobgoblins (D:1)
  6 jackals (D:1)
  2 quokkas (D:1)
  5 ball pythons (D:1)
  2 frilled lizards (D:1)
  A kobold (D:1)
  A rat (D:1)
32 creatures vanquished.

Notes
Turn   | Place    | Note
-------+----------+-------------------------------------------
     0 | D:1      | lordive the Octopode Shapeshifter began the quest for the
                  | Orb.
     0 | D:1      | Reached XP level 1. HP: 13/13 MP: 1/1
    68 | D:1      | Reached XP level 2. HP: 18/18 MP: 2/2
   204 | D:1      | Reached XP level 3. HP: 20/23 MP: 3/3
   430 | D:2      | Noticed Natasha
   436 | D:2      | Mangled by Natasha

Illustrated notes

Levels and vault maps discovered:
D:1:      scummos_arrival_checkerplants, layout_rooms
D:2:      layout_loops_ring, minivault_19, minmay_randomly_rotated_circles,
          uniq_natasha, uniq_jessica

Action                     || total
---------------------------++-------
  Melee: Unarmed           ||    63
         Constrict         ||    17
         Tentacles         ||     7
         Punch             ||     1
   Stab: Sleeping          ||     1
 Armour: Skin              ||    29
  Dodge: Dodged            ||    51
